Map: Eternal Empire LE

Players

soO

  • Race: Zerg Zerg
  • Spawn Location: 1:00

ShoWTimE - Winner!

  • Race: Protoss Protoss
  • Spawn Location: 7:00

Event: IEM Katowice 2020

VOD

Have the link to the VOD?

Description

Time

  • Played on: Feb. 27, 2020, 2:10 p.m.
  • Length: 15:15

All games in this series

Show
View Real Time Build Order
Export as new Build Order

soO Zerg 

Build Orders: Hatch First 

Get SALT Encoding   

  12  0:00  Drone  
  13  0:12  Overlord  
  13  0:16  Drone  
  14  0:30  Drone x2  
  16  0:48  Hatchery  
  15  0:52  Drone  
  15  0:55  Drone  
  17  0:58  Drone  
  18  1:09  Extractor  
  17  1:14  Spawning Pool  
  17  1:17  Drone  
  17  1:21  Drone  
  18  1:28  Drone  
  19  1:38  Drone  
  20  1:48  Hatchery  
  20  1:50  Drone  
  20  2:00  Queen  
  22  2:03  Drone  
  22  2:06  Drone  
  24  2:12  Drone  
  25  2:15  Overlord  
  25  2:24  Queen  
  25  2:27  Drone  
  28  2:36  Queen  
  30  2:38  Zergling x2  
  30  2:41  Zergling x2  
  30  2:42  Drone  
  33  2:45  Drone  
  33  2:47  Metabolic Boost  
  34  2:51  Drone  
  34  2:54  Drone  
  36  3:01  Queen  
  36  3:04  Overlord  
  38  3:06  Drone  
  38  3:09  Drone  
  38  3:10  Drone  
  41  3:14  Drone  
  42  3:23  Drone  
  42  3:25  Queen  
  45  3:27  Drone  
  45  3:28  Drone  
  45  3:30  Overlord  
  45  3:33  Drone x2  
  49  3:35  Drone  
  49  3:37  Spore Crawler  
  49  3:44  Drone  
  49  3:47  Overlord  
  50  3:49  Spore Crawler  
  50  3:50  Drone x2  
  50  3:51  Drone x2  
  50  3:53  Drone  
  54  3:57  Drone x2  
  54  3:58  Drone x2  
  58  4:04  Overlord  
  58  4:11  Evolution Chamber  
  58  4:12  Drone  
  58  4:15  Overlord  
  58  4:17  Overlord  
  58  4:19  Overlord  
  58  4:25  Drone  
  58  4:26  Drone  
  58  4:27  Drone x3  
  58  4:28  Spore Crawler  
  58  4:29  Zergling x4  
  58  4:30  Zergling x2  
  65  4:36  Zerg Melee Weapons Level 1  
  65  4:41  Drone  
  65  4:42  Drone  
  65  4:43  Zergling x6  
  70  4:49  Zergling x6  
  73  4:55  Hatchery  
  73  4:56  Drone  
  73  4:57  Roach Warren  
  73  4:59  Extractor  
  71  5:00  Lair, Extractor  
  71  5:01  Drone x2  
  71  5:06  Drone x3  
  71  5:07  Drone  
  76  5:10  Queen  
  77  5:15  Zergling x2  
  77  5:16  Zergling x8  
  77  5:19  Overlord  
  80  5:30  Drone x5  
  80  5:32  Extractor  
  80  5:33  Extractor, Drone x3  
  86  5:36  Spore Crawler, Drone  
  86  5:37  Drone x3  
  86  5:41  Drone  
  86  5:45  Drone  
  86  5:49  Drone  
  84  5:50  Drone  
  84  5:51  Drone  
  84  5:53  Overlord  
  84  5:54  Drone  
  88  6:01  Drone x2  
  90  6:04  Drone  
  90  6:07  Drone  
  90  6:10  Drone  
  93  6:13  Drone  
  93  6:15  Glial Reconstitution  
  93  6:16  Drone  
  93  6:17  Drone, Baneling Nest  
  95  6:19  Drone x3  
  95  6:24  Spore Crawler  
  95  6:30  Drone x2  
  95  6:32  Roach x4  
  105  6:33  Zerg Melee Weapons Level 2  
  105  6:37  Roach x3  
  111  6:41  Overlord  
  111  6:43  Overlord, Unknown  
  111  6:44  Overlord  
  111  6:45  Overlord  
  110  6:50  Overlord  
  111  6:54  Drone x2, Overlord  
  111  6:58  Overlord  
  112  7:01  Drone x2  
  112  7:02  Drone  
  112  7:05  Centrifical Hooks  
  112  7:06  Roach x9  
  112  7:08  Overseer  
  133  7:10  Roach  
  133  7:15  Drone x3  
  136  7:18  Drone  
  136  7:20  Spore Crawler  
  135  7:24  Zergling x6  
  135  7:25  Zergling x10  
  143  7:35  Zergling x4  
  143  7:36  Zergling x10  
  150  7:41  Zergling x2  
  150  7:43  Hatchery  
  150  7:46  Zergling x18  
  150  7:49  Infestation Pit  
  158  7:54  Drone x2  
  160  7:59  Ravager x4  
  160  8:03  Zergling x8  
  160  8:04  Overlord x3  
  168  8:06  Overlord  
  168  8:09  Overlord x2  
  159  8:16  Zergling x16  
  159  8:19  Baneling  
  166  8:20  Baneling  
  166  8:21  Zergling x2, Baneling x15  
  166  8:23  Queen  
  166  8:25  Ravager x2  
  171  8:27  Hive  
  171  8:29  Baneling x7  
  171  8:31  Zergling x10  
  171  8:33  Baneling  
  171  8:34  Ravager x2, Baneling x2  
  177  8:41  Zergling x12  
  177  8:42  Zergling x4  
  177  8:45  Baneling x6  
  177  8:48  Zergling x8  
  188  8:49  Zerg Ground Armor Level 1  
  188  8:50  Baneling x3  
  178  9:03  Ravager  
  178  9:04  Zergling x20, Ravager  
  156  9:19  Zergling x6, Roach x3  
  135  9:25  Zergling x2  
  135  9:26  Roach x2  
  120  9:35  Roach x6  
  120  9:36  Roach x4  
  120  9:38  Drone x5  
  128  9:39  Drone  
  128  9:44  Drone  
  117  9:46  Drone  
  117  9:48  Drone  
  117  9:50  Drone x2  
  118  9:55  Roach  
  118  9:56  Baneling  
  118  9:57  Baneling x8  
  120  10:00  Drone x2  
  120  10:01  Drone x2  
  120  10:05  Adrenal Glands  
  125  10:07  Zergling x8  
  125  10:11  Spire  
  125  10:13  Zergling x8  
  131  10:17  Ravager x2  
  131  10:18  Ravager x2  
  131  10:20  Zergling x4  
  137  10:27  Zergling x4  
  137  10:28  Zergling x4  
  139  10:29  Zergling x2  
  139  10:32  Ravager, Baneling x2  
  139  10:33  Baneling x7  
  139  10:35  Zergling x8  
  127  10:46  Zergling x14  
  127  10:49  Zergling x2  
  127  10:51  Zergling x6  
  127  10:56  Zergling x8  
  123  10:59  Zergling x6  
  123  11:00  Zergling x2  
  118  11:05  Zergling x4  
  118  11:09  Zergling x2  
  104  11:15  Roach  
  101  11:20  Drone x3  
  102  11:28  Zergling x6  
  102  11:32  Zergling x4, Queen x3  
  95  11:33  Zerg Melee Weapons Level 3  
  95  11:34  Queen  
  95  11:38  Roach x2  
  107  11:42  Roach  
  107  11:45  Hatchery  
  106  11:48  Zergling x2  
  106  11:49  Zergling x4  
  106  11:51  Greater Spire  
  106  11:52  Baneling x6  
  109  11:57  Baneling x2  
  109  11:59  Zergling x8  
  110  12:09  Roach x4  
  117  12:16  Roach x2  
  117  12:20  Roach x2  
  125  12:25  Roach  
  125  12:26  Unknown  
  125  12:29  Zergling x2, Ravager x4  
  131  12:31  Zergling x4  
  133  12:38  Zergling x4  
  133  12:41  Zergling x12  
  133  12:42  Zergling x8  
  133  12:43  Zergling x6  
  147  12:46  Baneling  
  147  12:47  Baneling x7  
  147  12:49  Zergling x6  
  149  12:53  Zergling x4  
  149  12:57  Zergling x2  
  152  13:00  Baneling x16  
  152  13:01  Baneling  
  151  13:09  Zergling x14  
  151  13:11  Zergling x6  
  154  13:14  Ravager  
  154  13:18  Zergling x6  
  157  13:25  Zergling x4  
  149  13:38  Baneling x5  
  149  13:41  Zergling x20  
  134  13:49  Baneling x7  
  134  13:51  Corruptor x3  
  134  13:52  Corruptor  
  142  14:05  Zergling x26  
  142  14:08  Baneling x3  
  153  14:23  Brood Lord x3, Drone  
  153  14:24  Drone  
  160  14:30  Zergling x16  
  170  14:34  Baneling x7  
  160  14:46  Zergling x22  
Show
View Real Time Build Order
Export as new Build Order

ShoWTimE Protoss - Winner!

Build Orders: 1 Gate Expand, Oracle Opening, Phoenix Opening, Archon Immortal 

Get SALT Encoding   

  12  0:00  Probe  
  13  0:12  Probe  
  14  0:18  Pylon  
  14  0:25  Probe (Chrono Boost)  
  15  0:37  Probe (Chrono Boost)  
  15  0:38  Gateway  
  16  0:45  Probe (Chrono Boost)  
  16  0:47  Assimilator  
  17  0:51  Probe  
  18  1:03  Probe  
  19  1:15  Probe  
  20  1:24  Nexus  
  20  1:28  Probe  
  21  1:38  Cybernetics Core  
  21  1:43  Assimilator  
  21  1:46  Probe  
  22  1:53  Pylon  
  22  1:59  Probe  
  23  2:11  Probe  
  23  2:12  Adept (Chrono Boost)  
  26  2:17  Stargate  
  26  2:22  Warp Gate  
  26  2:24  Probe  
  27  2:34  Adept  
  27  2:36  Probe (Chrono Boost)  
  31  2:37  Probe (Chrono Boost)  
  31  2:46  Probe x2 (Chrono Boost)  
  33  2:51  Probe x2 (Chrono Boost)  
  35  2:59  Oracle (Chrono Boost)  
  35  3:03  Probe x2  
  40  3:07  Pylon  
  40  3:15  Probe x2  
  42  3:20  Gateway  
  42  3:27  Probe x2, Phoenix (Chrono Boost)  
  46  3:35  Assimilator x2  
  46  3:39  Probe x2  
  48  3:43  Pylon  
  48  3:49  Oracle (Chrono Boost)  
  48  3:51  Probe x2  
  53  4:02  Robotics Facility  
  53  4:03  Probe x2  
  53  4:08  Pylon  
  55  4:15  Probe x2  
  57  4:18  Oracle (Chrono Boost)  
  60  4:26  Adept x2  
  60  4:27  Probe  
  65  4:34  Gateway  
  65  4:39  Pylon  
  65  4:44  Nexus  
  65  4:46  Probe  
  65  4:47  Probe  
  65  4:51  Observer  
  68  4:53  Pylon  
  68  4:57  Sentry x2  
  68  4:58  Probe  
  68  4:59  Probe  
  74  5:03  Shield Battery  
  74  5:05  Pylon  
  74  5:11  Probe x2  
  76  5:14  Immortal (Chrono Boost)  
  80  5:23  Probe x2  
  80  5:26  Adept  
  80  5:27  Sentry  
  86  5:35  Probe x2, Forge  
  87  5:36  Twilight Council  
  88  5:47  Probe  
  88  5:48  Probe  
  88  5:49  Immortal (Chrono Boost)  
  90  5:56  Probe, Gateway  
  95  5:57  Sentry x2  
  95  6:00  Probe x2  
  101  6:04  Protoss Ground Weapons Level 1 (Chrono Boost)  
  101  6:08  Probe  
  101  6:11  Charge (Chrono Boost), Assimilator  
  102  6:12  Probe x2  
  102  6:17  Assimilator  
  102  6:18  Pylon  
  104  6:20  Probe  
  104  6:24  Warp Prism (Chrono Boost)  
  105  6:25  Templar Archives  
  105  6:29  Pylon  
  107  6:40  Gateway  
  107  6:42  Probe, Gateway  
  107  6:44  Gateway  
  108  6:52  Gateway  
  108  6:53  Immortal (Chrono Boost)  
  110  6:54  Photon Cannon  
  110  7:00  Pylon  
  110  7:02  Gateway  
  110  7:04  High Templar  
  110  7:05  High Templar, Gateway  
  110  7:06  Pylon  
  114  7:08  Archon  
  114  7:21  High Templar x2  
  118  7:26  Archon  
  118  7:28  Immortal (Chrono Boost)  
  118  7:29  Photon Cannon  
  122  7:30  Photon Cannon x2  
  122  7:38  High Templar x2  
  122  7:43  Archon  
  126  7:44  Pylon  
  126  7:47  Nexus  
  126  7:51  Pylon  
  126  7:52  Probe x3  
  129  8:00  High Templar x2  
  129  8:01  Zealot x4, Shield Battery  
  129  8:04  Archon  
  141  8:15  Shield Battery  
  141  8:16  Shield Battery  
  141  8:17  Immortal (Chrono Boost)  
  141  8:21  Probe x3  
  141  8:25  Protoss Ground Weapons Level 2 (Chrono Boost)  
  148  8:28  Pylon  
  148  8:30  Gateway  
  148  8:32  Gateway  
  148  8:35  Assimilator  
  148  8:39  High Templar x2, Assimilator, Zealot  
  148  8:40  Zealot  
  156  8:44  Archon  
  154  8:49  High Templar  
  154  8:50  High Templar  
  154  8:51  Zealot x3  
  154  8:55  Archon  
  163  9:01  Zealot x3  
  160  9:12  High Templar  
  160  9:13  High Templar, Zealot x3  
  150  9:19  Archon  
  150  9:22  Zealot x5  
  138  9:29  Probe  
  138  9:30  Probe x3  
  130  9:32  Immortal  
  130  9:37  High Templar x2, Zealot  
  140  9:42  Photon Cannon  
  140  9:43  Archon  
  134  9:51  High Templar  
  134  9:52  High Templar, Zealot x5  
  140  9:56  Archon  
  140  10:00  Assimilator  
  140  10:11  Gateway  
  140  10:12  Observer (Chrono Boost)  
  139  10:14  Zealot x8  
  139  10:17  Gateway  
  155  10:24  Zealot x2  
  157  10:28  Immortal (Chrono Boost)  
  157  10:30  Probe x2  
  157  10:31  Probe  
  164  10:38  Zealot x4  
  168  10:44  Zealot x4  
  156  10:53  Probe, Zealot  
  133  11:01  Probe x2  
  123  11:09  Immortal  
  108  11:19  High Templar x3  
  108  11:20  Probe x2, High Templar  
  108  11:21  Probe  
  108  11:22  Probe  
  108  11:24  Archon  
  108  11:25  Archon  
  105  11:32  Probe  
  105  11:34  Probe  
  105  11:35  Probe  
  105  11:37  Photon Cannon  
  105  11:40  High Templar x3  
  105  11:41  High Templar  
  105  11:44  Archon  
  105  11:45  Archon, High Templar x3  
  105  11:46  High Templar  
  117  11:48  Nexus  
  117  11:49  Archon x2  
  117  11:50  Pylon, Immortal (Chrono Boost)  
  121  11:57  Protoss Ground Weapons Level 3 (Chrono Boost)  
  120  12:12  Zealot x5  
  130  12:16  High Templar x2  
  130  12:17  Zealot  
  130  12:19  Immortal (Chrono Boost)  
  130  12:21  Archon  
  140  12:28  Zealot x4  
  148  12:32  Photon Cannon  
  148  12:35  Pylon  
  148  12:41  Zealot x6  
  160  12:46  Blink (Chrono Boost)  
  160  12:49  Pylon  
  160  12:51  Pylon, Immortal  
  164  12:52  Pylon  
  164  12:58  High Templar x4  
  164  12:59  Zealot x2  
  164  13:03  Archon x2, Zealot x2  
  164  13:04  Zealot  
  177  13:07  Zealot x2  
  169  13:13  Zealot  
  169  13:20  High Templar  
  169  13:21  High Templar  
  169  13:25  Archon  
  169  13:26  Zealot x3  
  165  13:36  Zealot x6  
  165  13:37  Zealot  
  155  13:46  Immortal  
  143  13:53  High Templar x3  
  143  13:54  High Templar  
  151  13:56  Unknown  
  151  13:59  Archon x2  
  151  14:00  Zealot x6  
  163  14:10  High Templar x2  
  163  14:15  Archon, Photon Cannon  
  167  14:17  Photon Cannon  
  167  14:19  Shield Battery  
  167  14:22  Pylon  
  167  14:23  High Templar x2, Zealot x4  
  171  14:26  Immortal (Chrono Boost)  
  171  14:27  Archon  
  175  14:36  High Templar x2, Zealot x2  
  181  14:41  Archon  
  181  14:44  Stalker x3  
  180  14:47  Stalker  
  180  14:50  Stalker  
  180  14:58  Stalker x3  
  164  15:01  Stalker  
  152  15:09  Stalker  
  152  15:10  Stalker x2  

Tags
 
Add a new tag
Caveats
  • Supply blocks, unpowered buildings, or Contaminate may cause inaccurate times.
  • Supply counts are checked every 10 seconds.